 Dungeon Crawl Stone Soup version 0.28-a0-1074-g3cb2360906 (webtiles) character file.

Game seed: 18303205928427714007

235 Lavandula the Bolt Thrower (level 6, 0/51 HPs)
             Began as a Naga Arcane Marksman on Dec 9, 2021.
             Killed from afar by Pikel (6 damage)
             ... with a puff of flame
             ... on level 5 of the Dungeon.
             The game lasted 00:05:20 (3747 turns).

Lavandula the Bolt Thrower (Naga Arcane Marksman)   Turns: 3747, Time: 00:05:21

Health: 0/51       AC:  5    Str: 14    XL:     6   Next: 6%
Magic:  7/7        EV:  9    Int: 14    God:
Gold:   123        SH:  0    Dex: 11    Spells: 3/7 levels left

rFire   . . .      SeeInvis +   a - +0 hand crossbow
rCold   . . .      Faith    .   (no shield)
rNeg    . . .      Spirit   .   d - +0 robe
rPois   +          Reflect  .   k - +1 hat
rElec   .          Harm     .   (no cloak)
rCorr   .          Rampage  .   h - +0 pair of gloves
Will    .....                   (no barding)
Stlth   +.........              (no amulet)
HPRegen 0.17/turn               (no ring)
MPRegen 0.10/turn               (no ring)

@: short of breath, very slow
A: AC +2, large, see invisible, deformed body, poison resistance, slowness 2,
spit poison 1, naga tail 1
a: Spit Poison


You were on level 5 of the Dungeon.
You visited 1 branch of the dungeon, and saw 5 of its levels.

You collected 123 gold pieces.

Inventory:

Hand Weapons
 a - a +0 hand crossbow (weapon)
 f - a +0 dagger
Missiles
 c - 17 bolts (quivered ammo)
Armour
 d - a +0 robe (worn)
 h - a +0 pair of gloves (worn)
 k - a +1 hat (worn)
Scrolls
 b - a scroll of holy word
 e - a scroll of identify
 g - a scroll of noise {unknown}
 n - a scroll of brand weapon {unknown}
 p - a scroll of blinking {unknown}
Potions
 i - a potion of attraction {unknown}
 j - 2 potions of ambrosia
 l - a potion of invisibility {unknown}
 m - 2 potions of lignification {unknown}
 o - a potion of brilliance {unknown}


   Skills:
 - Level 1.0 Fighting
 + Level 5.6 Crossbows
 - Level 1.5 Dodging
 - Level 1.0 Spellcasting
 - Level 3.0 Hexes


You had 3 spell levels left.
You knew the following spells:

 Your Spells              Type           Power      Damage    Failure   Level
a - Slow                  Hex            36%        N/A       8%          1
b - Inner Flame           Hex/Fire       4%         N/A       38%         3

Your spell library contained the following spells:

 Spells                   Type           Power      Damage    Failure   Level
 Portal Projectile        Hex/Tloc       8%         N/A       38%         3
 Cause Fear               Hex            4%         N/A       58%         4


Dungeon Overview and Level Annotations

Branches:
Dungeon (5/15)
 Temple: D:4-7

Altars:
Hepliaklqana

Annotations:
D:3 1 runed translucent door, pantherbaby0's ghost, weakling GrFi
D:4 Edmund
D:5 Pikel


Innate Abilities, Weirdness & Mutations

Your serpentine skin is tough. (AC +2)
You have supernaturally acute eyesight. (SInv)
Armour fits poorly on your strangely shaped body.
Your system is resistant to poisons. (rPois)
You cover ground very slowly.
You can spit poison.
You have a snake-like lower body.


Message History

You feel less confused.
Press: ? - help, v - describe, . - travel
Here: Pikel, wielding a +1 whip of electrocution, wearing a +0 robe and carrying a wand of flame (19)
The floor, spattered with blood.
Pikel zaps a wand.
The puff of flame hits you! Pikel waves his whip at you.
Unknown command.
Unknown command.
Aiming: Spit Poison (1% risk of failure)
Press: ? - help, Shift-Dir - straight line, f - Pikel
Aim: Pikel, wielding a +1 whip of electrocution, wearing a +0 robe and carrying a wand of flame (18)
The splash of poison hits Pikel but does no damage.
Pikel is poisoned.
Pikel hits you but does no damage.
You are electrocuted!
Unknown command.
You aren't carrying any items that you can evoke.
Unknown command.
Unknown command.
Fire: 19 bolts
Press: ? - help, Q - select action, (/) - cycle Shift-Dir - straight line, f/p - Pikel
Aim: Pikel, wielding a +1 whip of electrocution, wearing a +0 robe and carrying a wand of flame (18) (poisoned, 55% to hit)
You shoot a bolt. The bolt closely misses Pikel.
The bolt barely misses the lemure.
Pikel hits you with a +1 whip of electrocution!
A lemure comes into view.
Fire: 18 bolts
Press: ? - help, Q - select action, (/) - cycle Shift-Dir - straight line, f/p - Pikel
Aim: Pikel, wielding a +1 whip of electrocution, wearing a +0 robe and carrying a wand of flame (18) (poisoned, 55% to hit)
You shoot a bolt. The bolt barely misses Pikel.
The lemure shouts!
The bolt hits the lemure!
The lemure is heavily wounded.
Pikel hits you with a +1 whip of electrocution.
A lemure comes into view.
Pikel zaps a wand.
The puff of flame hits you!
* * * LOW HITPOINT WARNING * * *
As you read the scroll labelled IROTTIOXOS, it crumbles to dust.
It is a scroll of identify.
b - a scroll of holy word Pikel zaps a wand.
The puff of flame hits you.
You die...

##.####...## #####.K
#........# ....... #
######.#.# ...)..
#.#########.#.## .....
.........<......
.###...#######.##.###.#.##
.../...(..................
........######.#...###....
#(.(5K@5....#...# ....
#.##5####.#.#...# ....
#.## #.#.#..... .... #5.#
#.#.#...### ...
##(###.#.#...#
#.#.#..##.#.#...#
#......(....#
#.#.##..#...# ... ##.#.#.#


You could see Pikel (poisoned) and 3 lemures.

Vanquished Creatures
  A lemure (D:5)
  A water moccasin zombie (D:5)
  Natasha (thrice) (D:2)
  4 adders
  A dart slug (D:2)
  An orc (D:3)
  8 ball pythons
  3 endoplasms (D:1)
  3 giant cockroaches (D:1)
  9 goblins
  12 hobgoblins
  4 jackals (D:1)
  5 kobolds
  2 quokkas
  3 bats
  2 frilled lizards
  5 rats
67 creatures vanquished.

Notes
Turn   | Place    | Note
-------+----------+-------------------------------------------
     0 | D:1      | Lavandula the Naga Arcane Marksman began the quest for the
                  | Orb.
     0 | D:1      | Reached XP level 1. HP: 18/18 MP: 2/2
    73 | D:1      | Reached skill level 2 in Crossbows
   254 | D:1      | Reached XP level 2. HP: 25/25 MP: 3/3
   388 | D:1      | Reached skill level 3 in Crossbows
   393 | D:1      | Reached XP level 3. HP: 31/31 MP: 4/4
  1259 | D:2      | Reached XP level 4. HP: 23/38 MP: 5/5
  1553 | D:2      | Reached skill level 4 in Crossbows
  1553 | D:2      | Noticed Natasha
  1555 | D:2      | Killed Natasha
  1606 | D:2      | Noticed Natasha
  1608 | D:2      | Killed Natasha
  1609 | D:2      | Reached XP level 5. HP: 44/44 MP: 6/6
  1908 | D:2      | Noticed Natasha
  1909 | D:2      | Killed Natasha
  2181 | D:3      | Reached skill level 5 in Crossbows
  2383 | D:3      | Found a hazy altar of Hepliaklqana.
  2773 | D:3      | Noticed pantherbaby0's ghost (weakling GrFi)
  2777 | D:3      | Found a runed translucent door.
  3172 | D:4      | Noticed Edmund
  3275 | D:5      | Entered Level 5 of the Dungeon
  3370 | D:5      | Learned a level 3 spell: Inner Flame
  3464 | D:5      | Reached XP level 6. HP: 24/51 MP: 7/7
  3621 | D:5      | Noticed Pikel
  3747 | D:5      | Killed from afar by Pikel

Illustrated notes

Levels and vault maps discovered:
D:1:      giann_wishing_wells, layout_basic
D:2:      layout_basic, uniq_natasha
D:3:      layout_basic, worldfamousw_hep_ancestral_shrine,
          hellmonk_ghost_happy_afterlife
D:4:      layout_loops_ring, nicolae_dithmenos_through_a_glass_darkly,
          minmay_temple_entry_fiery, gammafunk_ghost_arena,
          nicolae_elevator_lobby_plus, uniq_duvessa, uniq_edmund, uniq_grinder
D:5:      layout_basic, ebering_ghost_reflecting_pool,
          kennysheep_generic_room_15, uniq_pikel

Skill      XL: |  1  2  3  4  5 |
---------------+----------------+-----
Crossbows      | 2 3 4 5 |  5.6
Fighting       | |  1.0
Dodging        | |  1.5
Spellcasting   | |  1.0
Hexes          | |  3.0

Action                   |  1- 3 |  4- 6 || total
-------------------------+-------+-------++-------
Melee: Dagger            |       |    46 ||    46
 Fire: Hand crossbow     |    63 |    47 ||   110
 Abil: Spit Poison       |    16 |    24 ||    40
  Use: Scroll            |       |     1 ||     1
       Potion            |       |     1 ||     1
Armor: Robe              |     5 |    36 ||    41
Dodge: Dodged            |     8 |    42 ||    50

Table legend: (Time is in decaauts)
 A = Elapsed time spent in this place.
 B = Non-inter-level travel time spent in this place.
 C = Inter-level travel time spent in this place.
 D = Time resting spent in this place.
 E = Time spent auto-exploring this place.
 F = Levels seen in this place.
 G = Mean time per level.
                   A        B        C        D        E       F      G
               +--------+--------+--------+--------+--------+-----+--------+
         Total |   4790 |   4469 |    321 |    273 |   3616 |   5 |  958.0 |
       Dungeon |   4790 |   4469 |    321 |    273 |   3616 |   5 |  958.0 |
               +--------+--------+--------+--------+--------+-----+--------+

Top non-repeatable levels by time:
     D:3: 1583 daAuts
     D:1: 1447 daAuts
     D:2: 1154 daAuts
     D:5: 515 daAuts
     D:4: 90 daAuts
